 Dungeon Crawl Stone Soup version 0.29.1-15-g9cfb28693d (webtiles) character file.

Game seed: 16636136560280927926

8 Cheops the Poker (level 2, -2/22 HPs)
             Began as a Merfolk Gladiator on Mar 21, 2023.
             Slain by a gnoll
             ... wielding a +0 flail
              (5 damage)
             ... on level 1 of the Dungeon.
             The game lasted 00:00:27 (814 turns).

Cheops the Poker (Merfolk Gladiator)                 Turns: 814, Time: 00:00:28

Health: -2/22      AC:  4    Str: 14    XL:     2   Next: 8%
Magic:  2/2        EV: 13    Int:  7    God:
Gold:   48         SH:  0    Dex: 15    Spells: 1/1 levels left

rFire   . . .      SeeInvis .   a - +0 trident
rCold   . . .      Faith    .   (no shield)
rNeg    . . .      Spirit   .   b - +0 leather armour
rPois   .          Reflect  .   c - +0 helmet
rElec   .          Harm     .   (no cloak)
rCorr   .          Rampage  .   (no gloves)
Will    .....                   (no boots)
Stlth   +.........              (no amulet)
HPRegen 0.07/turn               (no ring)
MPRegen 0.08/turn               (no ring)

@: no status effects
A: (nimble swimmer 2), mertail
a: no special abilities


You were on level 1 of the Dungeon.
You visited 1 branch of the dungeon, and saw 2 of its levels.

You collected 48 gold pieces.

Inventory:

Hand Weapons
 a - a +0 trident (weapon)
Missiles
 d - 3 throwing nets (quivered)
 e - a javelin
Armour
 b - a +0 leather armour (worn)
 c - a +0 helmet (worn)
Scrolls
 f - a scroll of silence {unknown}
 j - a scroll of noise {unknown}
 l - a scroll of identify {unknown}
 m - a scroll of immolation {unknown}
Potions
 g - 2 potions of attraction {unknown}
 h - a potion of mutation {unknown}
 i - a potion of curing {unknown}
 k - a potion of brilliance {unknown}


   Skills:
 - Level 2.1 Fighting
 + Level 4.8 Polearms
 - Level 2.0 Throwing
 - Level 4.0 Dodging


You had one spell level left.
You didn't know any spells.
Your spell library contained the following spells:

 Spells                   Type           Power      Damage    Failure   Level
 Magic Dart               Conj           0%         1d3       52%         1
 Call Imp                 Summ           0%         N/A       65%         2
 Mephitic Cloud           Conj/Pois/Air  0%         N/A       87%         3


Dungeon Overview and Level Annotations

Branches:
Dungeon (2/15)

Altars:


Innate Abilities, Weirdness & Mutations

((You are very nimble when in or above water. (Stealth+, EV+, Speed+++)))
Your lower body shifts to a powerful aquatic tail in water.


Message History

The gnoll shouts!
A gnoll comes into view. It is wielding a +0 flail.
You see here a fuming ruby potion.
There are monsters nearby!
A gnoll comes into view. It is wielding a +0 flail.
The gnoll shouts! x2
A frilled lizard comes into view.
A dart slug comes into view.
You reach to attack!
You barely miss the gnoll. You hit the gnoll but do no damage.
You closely miss the gnoll. You hit the gnoll.
The gnoll is moderately wounded.
The gnoll misses you. The gnoll barely misses you.
You hit the gnoll but do no damage.
The gnoll is moderately wounded.
The gnoll closely misses you.
There are monsters nearby!
There are monsters nearby!
There are monsters nearby!
The gnoll attacks as you move away! The gnoll hits you with a +0 flail.
The gnoll attacks as you move away! The gnoll hits you with a +0 flail.
The gnoll attacks as you move away! The gnoll hits you with a +0 flail.
* * * LOW HITPOINT WARNING * * *
The gnoll barely misses you. The gnoll attacks as you move away!
The gnoll hits you with a +0 flail.
* * * LOW HITPOINT WARNING * * *
The gnoll attacks as you move away! The gnoll closely misses you.
The gnoll attacks as you move away! The gnoll closely misses you.
There is a stone staircase leading up here.
The gnoll misses you.
You climb upwards.
There is a stone staircase leading down here.
You hit the gnoll but do no damage.
The gnoll is moderately wounded.
The gnoll hits you with a +0 flail.
* * * LOW HITPOINT WARNING * * *
You hit the gnoll.
The gnoll is moderately wounded.
The gnoll hits you with a +0 flail.
You die...

#.......###)## #.......##...###
#.......##.....# ##.....###...#.#
#####...## #####.# .......## #.#
.####### #.# .# #g#
.###############@#
..............##.#
....###..####.##.# ########
......#..#..).)..####### #.......
....#......##.##.......# #.#####.
.........####.##.#####.###.#####.
##.(##..>####.##.# #....[......
##............##.### #####.#####.
....#...#####......#######.#####.


You could see a gnoll.

Vanquished Creatures
  An endoplasm (D:1)
  3 goblins (D:1)
  A quokka (D:1)
  A frilled lizard (D:1)
  A kobold (D:1)
7 creatures vanquished.

Notes
Turn   | Place    | Note
-------+----------+-------------------------------------------
     0 | D:1      | Cheops the Merfolk Gladiator began the quest for the Orb.
     0 | D:1      | Reached XP level 1. HP: 16/16 MP: 1/1
   422 | D:1      | Reached XP level 2. HP: 22/22 MP: 2/2
   814 | D:1      | Slain by a gnoll

Illustrated notes

Levels and vault maps discovered:
D:1:      erik_arrival_triangle_medium, layout_loops_cross
D:2:      layout_loops_ring, ebering_ecumenical_altar_rust, cheibrodos_gnoll_hut

Action                   || total
-------------------------++-------
Melee: Trident           ||    33
 Stab: Sleeping          ||     1
Armor: Leather armour    ||     3
Dodge: Dodged            ||    18
